 Dungeon Crawl Stone Soup version 0.30-a0-210-g01b79a254e (webtiles) character file.

Game seed: 3245823067660111914

31799 Sobieck the Devastator (level 13, -8/63 HPs)
             Began as a Kobold Conjurer on Oct 4, 2022.
             Was an Elder of Vehumet.
             Mangled by a yak (27 damage)
             ... on level 5 of the Lair of Beasts.
             The game lasted 01:05:10 (23121 turns).

Sobieck the Devastator (Kobold Conjurer)           Turns: 23121, Time: 01:05:11

Health: -8/63      AC:  5    Str:  8    XL:     13   Next: 99%
Magic:  27/27      EV:  3    Int: 32    God:    Vehumet [****..]
Gold:   378        SH:  0    Dex:  9    Spells: 10/32 levels left

rFire   . . .      SeeInvis +    b - +10 dagger "Emynapsi" {elec, rN+ Str+3 Int+9 Dex-5, short}
rCold   . . .      Faith    .    (no shield)
rNeg    + . .      Spirit   .    z - +0 robe {Archmagi}
rPois   .          Reflect  +    D - +0 helmet
rElec   .          Harm     .    (no cloak)
rCorr   +          Rampage  .    j - +0 pair of gloves
Will    .....      Archmagi +    i - +0 pair of boots
Stlth   +++.......               k - amulet of reflection
HPRegen 0.30/turn                h - ring of resist corrosion
MPRegen 0.20/turn                m - ring of see invisible

@: sleeping
A: small, no large weapons, nightstalker 3
a: Renounce Religion


You were on level 5 of the Lair of Beasts.
You worshipped Vehumet.
Vehumet was greatly pleased with you.
You visited 3 branches of the dungeon, and saw 17 of its levels.

You collected 628 gold pieces.
You spent 250 gold pieces at shops.


Innate Abilities, Weirdness & Mutations

You are small and have problems with some larger weapons.
You are completely attuned to the shadows.


   Skills:
 - Level 2.4 Dodging
 - Level 2.6 Stealth
 - Level 10.0 Spellcasting
 - Level 15.0 Conjurations
 - Level 6.0 Hexes
 - Level 3.0 Translocations
 + Level 13.3 Fire Magic


You had 10 spell levels left.
You knew the following spells:

 Your Spells              Type           Power      Damage    Failure   Level
a - Magic Dart            Conj           100%       1d8       0%          1
b - Searing Ray           Conj           100%       2d8       0%          2
c - Fulminant Prism       Conj/Hex       45%        3d21      1%          4
d - Iskenderun's Mystic   Conj/Tloc      84%        2d17      1%          4
e - Fireball              Conj/Fire      51%        3d20      1%          5
f - Starburst             Conj/Fire      51%        6d14      1%          6

Your spell library contained the following spells:

 Spells                   Type           Power      Damage    Failure   Level
 Ignite Poison            Fire/Tmut/Pois 61%        N/A       1%          3
 Foxfire                  Conj/Fire      100%       2x1d9     0%          1
 Freeze                   Ice            96%        1d11      1%          1
 Sandblast                Erth           48%        2d12      1%          1
 Shock                    Conj/Air       100%       1d9       1%          1
 Slow                     Hex            100%       N/A       1%          1
 Ensorcelled Hibernation  Hex/Ice        100%       N/A       1%          2
 Confusing Touch          Hex            69%        N/A       1%          3
 Dazzling Flash           Conj/Hex       100%       N/A       1%          3
 Hailstorm                Conj/Ice       77%        3d16      1%          3
 Stone Arrow              Conj/Erth      100%       3d13      1%          3
 Frozen Ramparts          Ice            48%        1d8       2%          3
 Gell's Gravitas          Tloc           51%        N/A       2%          3
 Lesser Beckoning         Tloc           100%       N/A       2%          3
 Teleport Other           Tloc           51%        N/A       2%          3
 Beastly Appendage        Tmut           48%        N/A       3%          1
 Passwall                 Tmut/Erth      20%        N/A       4%          2
 Wereblood                Tmut           24%        N/A       4%          2
 Spider Form              Tmut/Pois      24%        N/A       9%          3
 Swiftness                Air            24%        N/A       9%          3
 Vampiric Draining        Necr           24%        2d7       9%          3
 Airstrike                Air            12%        2d(2-18)  9%          4
 Metabolic Englaciation   Hex/Ice        25%        N/A       24%         5
 Animate Dead             Necr           24%        N/A       30%         4
 Petrify                  Tmut/Erth      24%        N/A       30%         4
 Borgnjor's Vile Clutch   Necr/Erth      12%        N/A       63%         5
 Fire Storm               Conj/Fire      51%        8d13      89%         9
 Statue Form              Tmut/Erth      16%        N/A       99%         6
 Ozocubu's Refrigeration  Ice            12%        4d10      99%         7
 Haunt                    Necr/Summ      12%        N/A       100%        7
 Infestation              Necr           12%        N/A       100%        8
 Chain Lightning          Conj/Air       38%        3d51      100%        9
 Shatter                  Erth           12%        3d13*     100%        9

Inventory:

Hand Weapons
 a - a +1 dagger of venom {short}
   (You took it off Jessica on level 2 of the Dungeon)
 b - the +10 dagger "Emynapsi" (weapon) {elec, rN+ Str+3 Int+9 Dex-5, short}
   (You found it on level 1 of the Lair of Beasts)

   It occasionally discharges a powerful burst of electricity upon striking a
   foe.
   Str:       It affects your strength (+3).
   Int:       It affects your intelligence (+9).
   Dex:       It affects your dexterity (-5).
   rN:        It protects you from negative energy.
 c - a +0 dagger of freezing {short}
   (You took it off a kobold on level 1 of the Dungeon)
 g - a +0 rapier {short}
   (You found it on level 4 of the Dungeon)
Missiles
 p - 6 curare-tipped darts {=fthrowing}
 t - 45 poisoned darts {throwing}
 x - 8 boomerangs {throwing}
 E - a throwing net {=f!fthrowing}
 W - 6 datura-tipped darts {throwing}
Armour
 i - a +0 pair of boots (worn)
   (You bought it in a shop on level 7 of the Dungeon)
 j - a +0 pair of gloves (worn)
   (You bought it in a shop on level 7 of the Dungeon)
 z - a +0 robe of the Archmagi (worn)
   (You took it off an orc wizard on level 8 of the Dungeon)
 D - a +0 helmet (worn)
   (You took it off Robin on level 3 of the Dungeon)
 N - a +0 scale mail
   (You found it on level 1 of the Lair of Beasts)
 R - a +0 scale mail
   (You found it on level 2 of the Lair of Beasts)
 T - a +0 plate armour
   (You found it on level 3 of the Lair of Beasts)
Jewellery
 h - a ring of resist corrosion (left hand)
   (You found it on level 1 of the Dungeon)
 k - an amulet of reflection (around neck)
   (You found it on level 4 of the Dungeon)
 m - a ring of see invisible (right hand)
   (You found it on level 5 of the Dungeon)
 F - an amulet of regeneration {@e2}
   (You found it on level 8 of the Dungeon)
 Q - a ring of protection from cold
   (You found it on level 9 of the Dungeon)
 U - a ring of positive energy
   (You found it on level 3 of the Lair of Beasts)
Wands
 A - a wand of charming (15)
   (You took it off Ijyb on level 3 of the Dungeon)
 C - a wand of roots (11)
   (You took it off an orc on level 8 of the Dungeon)
 J - a wand of flame (26)
   (You found it on level 4 of the Dungeon)
 S - a wand of mindburst (7)
   (You found it on level 9 of the Dungeon)
Scrolls
 f - 5 scrolls of teleportation {@r4}
 l - 2 scrolls of noise {!r}
 w - 2 scrolls of torment {!r}
 y - a scroll of blinking {!r}
 G - a scroll of brand weapon
 M - 2 scrolls of enchant weapon
 P - a scroll of poison {!r}
 V - a scroll of identify {@r1}
 Z - 4 scrolls of immolation {!r!r}
Potions
 d - a potion of ambrosia
 e - 2 potions of lignification {!q}
 n - 2 potions of curing {@q1}
 q - 3 potions of haste {@q3}
 r - a potion of mutation {!q}
 s - a potion of flight
 u - a potion of cancellation
 v - a potion of invisibility
 B - 2 potions of attraction {!q}
 H - a potion of might
 I - 3 potions of brilliance
 K - a potion of resistance
 L - a potion of heal wounds {@q2}
 O - a potion of berserk rage {!q}
 X - a potion of magic
Miscellaneous
 Y - a lightning rod (4/4)
   (You found it on level 11 of the Dungeon)

Dungeon Overview and Level Annotations

Branches:
Dungeon (12/15) Zot: 23919  Temple (1/1) D:6 Zot: 5932    Lair (3/5) D:8 Zot: 19079
 Shoals (0/4) Lair:3       Spider (0/4) Lair:3          Orc (0/2) D:11

Altars:
Dithmenos
Gozag
Okawaru
Qazlal
Ru
Sif Muna
Trog
Uskayaw
Vehumet
Xom
Zin

Shops:
D:7 [[?(   D:9 (   D:10 ?(

Annotations:
D:5 exclusions: adder and wraith
D:7 2 runed translucent doors
D:9 1 runed translucent door, exclusion: downstairs, IdlyInterested's ghost, novice DsGl
D:11 exclusion: downstairs
Lair:5 Josephine

************
**,,,,,*,*,,**
**,,,,,,,,,,,,*
*,,,)........,**
**,,,..........,***
***,,,,....$.....,*,*
*,*,,,,.Y........,,**
*,,,,,,YY..@.....,,*
***,,,,Y.YY......,***
**,,,Y.YY......,,,*
****,,...Y.YY...,,,*
**,,,,,...kY.Y...,,,***
*,*,,,,,.........#,,,,*
****,,,,..........,,***
**,,,,...Y.Y....,,*
**,,,,,..kYw.....,,*


You could see 9 yaks, a rime drake and 5 dream sheep.


Message History

There is an open door here.
You enter the shallow water.
Moving in this stuff is going to be slow.
There is a staircase to the Shoals here.
You enter the shallow water.
Moving in this stuff is going to be slow.
You open the door.
There is an open door here.
You enter the shallow water.
Moving in this stuff is going to be slow.
A merfolk siren comes into view. It is wielding a +0 spear.
Danger!
You feel a surge of power!
The fireball explodes!
The fireball engulfs the merfolk siren!!!
The merfolk siren shouts!
The merfolk siren is engulfed in a cloud of scalding steam.
You kill the merfolk siren!
Vehumet accepts your kill.
You feel your power returning.
You hear a splash.
Unknown command.
Unknown command.
You're standing in a cloud of steam!
Danger!
You're standing in a cloud of steam!
Unknown command.
Unknown command.
Unknown command.
Unknown command.
You open the door.
There is an open door here.
A rime drake comes into view.
Danger!
You feel a surge of power!
The fireball explodes!
The fireball engulfs the rime drake!!
You kill the rime drake!
Vehumet accepts your kill.
You feel your power returning.
Unknown command.
A sourceless malevolence fills the Lair of Beasts...
You fall into a shaft and drop 2 floors!
The shaft crumbles and collapses.
A wraith, 2 rime drakes and 2 yaks come into view.
The yak bellows!
You hear a bellow!
You hear a shout!
You hear a bleat!
Danger!
Unknown command.
Really read
o - a scroll of magic mapping {!r}?
As you read the scroll of magic mapping {!r}, it crumbles to dust.
You feel aware of your surroundings.
The rime drake hisses angrily. x2; The yak bellows!
You hear a bellow! x2
The rime drake bites you. The rime drake barely misses you.
A yak comes into view. x2; A wraith comes into view.
Josephine the Decaying Necromancer comes into view.
She is wielding a +0 dagger.
You hear a bleat!
You hear a bellow!
Unknown command.
Unknown command.
Really read
y - 3 scrolls of blinking {!r}?
Blink to where?
Press: ? - help, Dir - move target A torpor snail and 3 yaks come into view.
As you read the scroll of blinking {!r}, it crumbles to dust.
Being near the torpor snail leaves you feeling lethargic.
Unknown command.
A yak comes into view.
The rime drake breathes ice at you. The flash freeze hits you!!
You are encased in ice.
The yak closely misses you. The yak gores you!
The yak attacks as you move away! The yak misses you.
The yak bellows!
You hear a bellow!
The yak barely misses you. The yak gores you. The yak completely misses you.
The yak misses you. You block the yak's attack.
The yak attacks as you move away! The yak gores you.
* * * LOW HITPOINT WARNING * * *
The ice encasing you melts away. The yak completely misses you.
The yak gores you!
* * * LOW HITPOINT WARNING * * *
A dream sheep comes into view.
Unknown command.
Really read
y - 2 scrolls of blinking {!r}?
Blink to where?
Press: ? - help, Dir - move target A yak comes into view.
Found 12 gold pieces.
Found a stone staircase leading up.
As you read the scroll of blinking {!r}, it crumbles to dust.
You feel yourself speed up.
A yak comes into view.
Unknown command.
Unknown command.
The yak bellows! x2; You hear a bleat!
You hear a bellow!
You hear a bleat!
A dream sheep comes into view.
A yak comes into view.
You hear an angry growl.
A dream sheep and 2 yaks come into view.
The yak bellows!
The dream sheep shake their wool and sparkle.
You feel drowsy...
You fall asleep.
A dream sheep comes into view.
A dream sheep comes into view.
The yak gores you!!
You die...

Skill      XL: |  1  2  3  4  5  6  7  8  9 10 11 12 13 |
---------------+----------------------------------------+-----
Spellcasting   | 3 4 5 6 8 9 10 | 10.0
Conjurations   | 5 6 7 10 11 12 14 15 | 15.0
Hexes          | 1 2 3 4 6 |  6.0
Translocations | 1 2 3 |  3.0
Fire Magic     | 4 7 10 13 | 13.3
Dodging        | |  2.4
Stealth        | |  2.6

Action                   |  1- 3 |  4- 6 |  7- 9 | 10-12 | 13-15 || total
-------------------------+-------+-------+-------+-------+-------++-------
Melee: Dagger            |     1 |     7 |       |    12 |     1 ||    21
 Cast: Magic Dart        |    62 |    70 |    17 |     3 |       ||   152
       Searing Ray       |     2 |    28 |    50 |    14 |       ||    94
       Fulminant Prism   |       |       |    25 |    60 |    12 ||    97
       Iskenderun's Myst |       |       |     7 |    48 |     3 ||    58
       Fireball          |       |       |       |    80 |    47 ||   127
       Starburst         |       |       |       |     9 |    21 ||    30
Evoke: Wand              |       |       |       |     1 |       ||     1
  Use: Potion            |       |     3 |     2 |     4 |     1 ||    10
       Scroll            |       |     7 |     4 |    15 |     5 ||    31
 Stab: Sleeping          |       |     1 |       |       |       ||     1
Armor: Robe              |     3 |     4 |     9 |    10 |       ||    26
Dodge: Dodged            |    15 |    18 |    47 |    61 |    11 ||   152
Block: Other             |       |       |    13 |    23 |     2 ||    38
       Reflection        |       |       |     1 |     4 |       ||     5

Levels and vault maps discovered:
D:1:      lightli_arrival_chessboard, layout_basic
D:2:      layout_basic, ebering_ecumenical_altar_hall, hangedman_decor_growths,
          uniq_jessica
D:3:      layout_rooms, uniq_ijyb, uniq_terence, uniq_robin
D:4:      layout_loops_ring, uniq_pikel
D:5:      layout_loops_ring, st_stairs_2, sigmund_army
D:6:      layout_basic, nzn_overflow_gifts_of_might_and_magic,
          nicolae_overflow_hidden_temple, minmay_temple_entry_butterflies
D:7:      layout_loops_ring, overflow_temple_1_default, jmf_multi_god_temple2,
          serial_shops, kennysheep_mini, nicolae_shop_window_shopping,
          nicolae_shop_trees, shop
D:8:      layout_cave_pods, hellmonk_okawaru_the_only_friend_you_need,
          david_lair_generic
D:9:      layout_roguey, grunt_gozag_statues, gammafunk_ghost_grave,
          serial_shops, nicolae_shop_stone
D:10:     layout_rooms, mainiacjoe_overflow_small_starburst, serial_shops,
          nicolae_shop_trees, nicolae_shop_hallway_plus, minmay_statues_item,
          uniq_amaemon, uniq_maggie
D:11:     layout_loops_ring, kennysheep_orc_monster_closet_entryway,
          minmay_misc_feat_square
D:12:     minmay_recursive_quarters, layout_basic, nicolae_xom_altar_mimics
Temple:   minmay_temple_curvy_loop
Lair:1:   layout_regular_city
Lair:2:   layout_regular_city
Lair:3:   onia_ninara_swampy_vault, layout_regular_city,
          elwin_shoals_entry_rooms, spider_nest_entry_web_field, st_stairs_6,
          grunt_forest_small_clearings, chequers_serial_rivers_room_b
Lair:5:   due_jungle_book, layout_cave_shapes, bobbens_dragon_lair_wall,
          uniq_josephine

Notes
Turn   | Place    | Note
-------+----------+-------------------------------------------
     0 | D:1      | Sobieck the Kobold Conjurer began the quest for the Orb.
     0 | D:1      | Reached XP level 1. HP: 10/10 MP: 3/3
   255 | D:1      | Reached XP level 2. HP: 15/15 MP: 2/5
   266 | D:1      | Learned a level 2 spell: Searing Ray
   587 | D:1      | Reached XP level 3. HP: 19/19 MP: 5/7
   684 | D:1      | Reached skill level 3 in Spellcasting
  1642 | D:2      | Reached XP level 4. HP: 24/24 MP: 1/9
  2138 | D:2      | Noticed Jessica
  2140 | D:2      | Killed Jessica
  2141 | D:2      | Reached skill level 5 in Conjurations
  2141 | D:2      | Reached XP level 5. HP: 28/28 MP: 6/10
  2264 | D:2      | You pick up a book of Annihilations and begin reading...
  2264 | D:2      | You add the spells Chain Lightning, Fire Storm and Shatter
                  | to your library.
  2271 | D:2      | You pick up a book of Frost and begin reading...
  2271 | D:2      | You add the spells Freeze, Frozen Ramparts and Hailstorm to
                  | your library.
  2460 | D:2      | Found a faded altar of an unknown god.
  2693 | D:3      | Learned a level 4 spell: Fulminant Prism
  2773 | D:3      | Noticed Terence
  2796 | D:3      | Killed Terence
  2797 | D:3      | Reached skill level 4 in Spellcasting
  2917 | D:3      | You pick up a book of Changes and begin reading...
  2917 | D:3      | You add the spells Beastly Appendage, Wereblood and Spider
                  | Form to your library.
  3314 | D:3      | Reached skill level 1 in Hexes
  3389 | D:3      | Noticed Ijyb
  3416 | D:3      | Killed Ijyb
  3417 | D:3      | Reached XP level 6. HP: 19/32 MP: 12/12
  3542 | D:3      | Noticed Robin
  3546 | D:3      | Killed Robin
  3632 | D:3      | You pick up a book of Geomancy and begin reading...
  3632 | D:3      | You add the spells Sandblast, Passwall and Stone Arrow to
                  | your library.
  3682 | D:3      | You pick up a book of Fire and begin reading...
  3682 | D:3      | You add the spells Foxfire, Fireball and Starburst to your
                  | library.
  3940 | D:4      | Reached skill level 2 in Hexes
  3942 | D:4      | Reached skill level 6 in Conjurations
  3947 | D:4      | Learned a level 4 spell: Iskenderun's Mystic Blast
  4595 | D:4      | Reached skill level 1 in Translocations
  4595 | D:4      | Reached XP level 7. HP: 30/36 MP: 7/13
  4727 | D:4      | You pick up a book of Debilitation and begin reading...
  4727 | D:4      | You add the spells Slow, Vampiric Draining and Confusing
                  | Touch to your library.
  4817 | D:4      | Noticed Pikel
  4822 | D:4      | Killed Pikel
  4823 | D:4      | Reached skill level 5 in Spellcasting
  4823 | D:4      | Reached skill level 3 in Hexes
  4823 | D:4      | Reached skill level 2 in Translocations
  4823 | D:4      | Reached XP level 8. HP: 34/41 MP: 4/15
  5144 | D:5      | Entered Level 5 of the Dungeon
  5153 | D:4      | Reached skill level 3 in Translocations
  5379 | D:5      | You pick up a book of Burglary and begin reading...
  5379 | D:5      | You add the spells Ensorcelled Hibernation and Swiftness to
                  | your library.
  5524 | D:5      | Reached skill level 7 in Conjurations
  5524 | D:5      | Reached skill level 4 in Hexes
  6006 | D:5      | Noticed a wraith
  6843 | D:6      | Found a staircase to the Ecumenical Temple.
  6850 | Temple   | Entered the Ecumenical Temple
  6899 | Temple   | Became a worshipper of Vehumet
  6996 | D:6      | Reached skill level 6 in Spellcasting
  6996 | D:6      | Reached XP level 9. HP: 45/45 MP: 3/18
  7223 | D:6      | Reached skill level 5 in Hexes
  7599 | D:6      | Found a shimmering blue altar of Sif Muna.
  7604 | D:6      | Got Sif Muna's Quarto of the Iceberg
  7610 | D:6      | Found a bloodstained altar of Trog.
  8116 | D:6      | Found a glowing silver altar of Zin.
  8245 | D:7      | Reached skill level 8 in Conjurations
  8413 | D:7      | Found Xioviaby's Antique Weapon Shop.
  8464 | D:7      | HP: 3/45 [steam dragon/ball of steam (17)]
  8714 | D:7      | Found Otuu's Armour Shop.
  8856 | D:7      | Reached skill level 6 in Hexes
  9032 | D:7      | Found Cadot's Armour Emporium.
  9039 | D:7      | Bought a +0 pair of boots for 49 gold pieces
  9039 | D:7      | Bought a +0 pair of gloves for 49 gold pieces
  9360 | D:7      | Found a sacrificial altar of Ru.
  9382 | D:7      | You add the spells Animate Dead, Borgnjor's Vile Clutch and
                  | Ozocubu's Refrigeration to your library.
  9382 | D:7      | Got Sif Muna's Secrets of the Sinister Chill
  9567 | D:7      | Reached skill level 9 in Conjurations
  9802 | D:7      | Reached skill level 10 in Conjurations
  9803 | D:7      | Reached XP level 10. HP: 47/50 MP: 11/19
  9883 | D:7      | Learned a level 5 spell: Fireball
  9912 | D:7      | Found a large runed translucent door.
  9912 | D:7      | Found a large runed translucent door.
  9933 | D:7      | Found Viych's Magic Scroll Boutique.
  9936 | D:7      | Bought a scroll of identify for 32 gold pieces
 10441 | D:8      | Reached skill level 1 in Fire Magic
 10562 | D:8      | Reached skill level 7 in Spellcasting
 10562 | D:8      | Reached skill level 2 in Fire Magic
 11024 | D:8      | Found an iron altar of Okawaru.
 11120 | D:8      | Identified a +0 robe of the Archmagi
 11130 | D:8      | Reached * piety under Vehumet
 11130 | D:8      | Offered knowledge of Shock by Vehumet.
 11134 | D:8      | Reached skill level 3 in Fire Magic
 11422 | D:8      | You pick up a book of Displacement and begin reading...
 11422 | D:8      | You add the spells Lesser Beckoning, Gell's Gravitas and
                  | Teleport Other to your library.
 11497 | D:8      | Noticed an elephant
 11520 | D:8      | Killed an elephant
 11732 | D:8      | Reached skill level 11 in Conjurations
 11826 | D:8      | Found a staircase to the Lair.
 12247 | D:9      | Found an opulent altar of Gozag.
 12534 | D:9      | Reached skill level 4 in Fire Magic
 12590 | D:9      | Reached skill level 8 in Spellcasting
 12745 | D:9      | Reached XP level 11. HP: 41/54 MP: 15/23
 13227 | D:9      | Found a runed translucent door.
 13227 | D:9      | Noticed IdlyInterested's ghost (novice DsGl)
 13350 | D:9      | Reached skill level 5 in Fire Magic
 13415 | D:9      | Found Egupoq's Antique Weapon Shoppe.
 13458 | D:9      | Offered knowledge of Momentum Strike by Vehumet.
 13458 | D:9      | Reached ** piety under Vehumet
 13651 | D:9      | You pick up a book of Air and begin reading...
 13651 | D:9      | You add the spells Shock and Airstrike to your library.
 13928 | D:10     | Entered Level 10 of the Dungeon
 13928 | D:10     | Found Faen Ler's Magic Scroll Shop.
 14013 | D:9      | Reached skill level 9 in Spellcasting
 14120 | D:10     | Noticed a two-headed ogre
 14123 | D:10     | Killed a two-headed ogre
 14124 | D:10     | Reached skill level 12 in Conjurations
 14124 | D:10     | Reached skill level 6 in Fire Magic
 14209 | D:10     | Noticed Maggie
 14215 | D:10     | Killed Maggie
 14327 | D:10     | Found a hide-covered altar of Uskayaw.
 14597 | D:10     | Offered knowledge of Kindle Blastsparks by Vehumet.
 14598 | D:10     | Noticed Amaemon
 14728 | D:10     | Killed Amaemon
 14729 | D:10     | Reached skill level 7 in Fire Magic
 14909 | D:10     | You pick up a book of Death and begin reading...
 14909 | D:10     | You add the spells Haunt and Infestation to your library.
 14927 | D:10     | Bought a scroll of blinking for 120 gold pieces
 14954 | D:10     | You fall into a shaft and drop 2 floors!
 14991 | D:12     | HP: 10/54 [wraith (9)]
 14991 | D:12     | HP: 4/54 [wraith (6)]
 15155 | D:12     | Found a shimmering altar of Xom.
 15158 | D:12     | Found a shimmering altar of Xom.
 15161 | D:12     | Found a shimmering altar of Xom.
 15161 | D:12     | Noticed a boulder beetle
 15164 | D:12     | Found a shimmering altar of Xom.
 15312 | D:11     | Found a staircase to the Orcish Mines.
 15414 | D:11     | Reached XP level 12. HP: 44/59 MP: 11/25
 15533 | D:10     | Found Deitaaq's Weapon Shoppe.
 15576 | D:10     | Reached skill level 10 in Spellcasting
 15686 | D:10     | Reached *** piety under Vehumet
 15826 | D:10     | Learned a level 6 spell: Starburst
 16157 | D:11     | Reached skill level 8 in Fire Magic
 16279 | D:11     | Reached skill level 13 in Conjurations
 16450 | D:11     | Offered knowledge of Olgreb's Toxic Radiance by Vehumet.
 17793 | D:11     | Reached skill level 9 in Fire Magic
 17929 | Lair:1   | Entered Level 1 of the Lair of Beasts
 18205 | Lair:1   | Noticed a death yak
 18211 | Lair:1   | Killed a death yak
 18520 | Lair:1   | Reached **** piety under Vehumet
 18521 | Lair:1   | Noticed a death yak
 18523 | Lair:1   | Noticed a death yak
 18535 | Lair:1   | Killed a death yak
 18535 | Lair:1   | Killed a death yak
 18536 | Lair:1   | Reached skill level 14 in Conjurations
 18536 | Lair:1   | Noticed a death yak
 18544 | Lair:1   | Killed a death yak
 18545 | Lair:1   | Reached skill level 10 in Fire Magic
 18545 | Lair:1   | Reached XP level 13. HP: 46/63 MP: 10/27
 18672 | Lair:1   | Offered knowledge of Ignite Poison by Vehumet.
 18978 | Lair:1   | Identified the +10 dagger "Emynapsi" {elec, rN+ Str+3 Int+9
                  | Dex-5}
 19025 | Lair:1   | Identified the +0 robe "Zidakoz" {Harm Fly Str-4 Dex-4}
 19689 | Lair:2   | You pick up a book of Sloth and begin reading...
 19689 | Lair:2   | You add the spells Petrify, Metabolic Englaciation and
                  | Statue Form to your library.
 20426 | Lair:2   | Reached skill level 15 in Conjurations
 20753 | Lair:2   | Reached skill level 11 in Fire Magic
 21511 | Lair:3   | Noticed an eight-headed hydra
 21516 | Lair:2   | HP: 14/63 [poison (poison gas)]
 21748 | Lair:3   | Found a hole to the Spider Nest.
 21878 | Lair:3   | Reached skill level 12 in Fire Magic
 21918 | Lair:3   | Killed an eight-headed hydra
 22707 | Lair:3   | Reached skill level 13 in Fire Magic
 23016 | Lair:3   | Found a staircase to the Shoals.
 23113 | Lair:3   | You fall into a shaft and drop 2 floors!
 23113 | Lair:5   | Entered Level 5 of the Lair of Beasts
 23114 | Lair:5   | Noticed Josephine
 23121 | Lair:5   | Mangled by a yak

Vanquished Creatures
  A hydra (Lair:3)
  2 alligators (Lair:3)
  A two-headed ogre (D:10)
  9 death yaks
  Amaemon (D:10)
  3 goliath frogs (Lair:3)
  A swamp dragon (Lair:3)
  Pikel (D:4)
  An ugly thing (D:11)
  A cyclops (D:11)
  3 merfolk sirens (Lair:3)
  An elephant (D:8)
  An orange demon (D:10)
  3 gargoyles
  4 cane toads
  2 kobold demonologists (D:11)
  2 unseen horrors
  Maggie (D:10)
  5 komodo dragons
  3 rime drakes
  2 trolls
  A shadow (D:11)
  A water elemental (D:11)
  3 wraiths
  4 wyverns
  3 basilisks
  29 yaks
  2 vampire mosquitoes (Lair:3)
  3 steam dragons
  2 swamp worms (Lair:3)
  3 acid dragons
  7 water moccasins
  An ice beast (D:7)
  4 orc warriors
  A swamp drake (Lair:3)
  3 black bears
  2 ogres
  3 wolves (Lair:3)
  A centaur (D:8)
  A lemure (D:4)
  12 kobold brigands
  13 bullfrogs
  2 gnoll sergeants
  A necrophage (D:7)
  4 wights (D:8)
  18 killer bees
  2 jellies (D:5)
  3 hounds
  6 orc priests
  4 iguanas
  Jessica (D:2)
  Ijyb (D:3)
  11 orc wizards
  Terence (D:3)
  Robin (D:3)
  19 gnolls
  9 adders
  A white imp (D:5)
  3 ufetubi
  A worm (D:4)
  3 dart slugs
  42 orcs
  12 endoplasms
  6 giant cockroaches
  15 goblins
  11 hobgoblins
  7 jackals
  2 quokkas
  14 ball pythons
  6 bats
  2 frilled lizards
  20 kobolds
  3 rats (D:1)
  A butterfly (D:6)
379 creatures vanquished.

Vanquished Creatures (others)
  97 fulminant prisms
  21 fungi
  20 plants
  2 withered plants (D:9)
140 creatures vanquished.

Grand Total: 519 creatures vanquished

Table legend:
 A = Non-vault XP
 B = Vault XP
 C = Vault XP percentage of total XP
 D = Non-vault monster count
 E = Vault monster count
 F = Vault count percentage of total count
                 A         B        C        D         E       F
            +---------+---------+-------+---------+---------+-------
      Total |   32921 |   12507 |  27.5 |     313 |      64 |  17.0
            +---------+---------+-------+---------+---------+-------
        D:1 |      65 |       0 |   0.0 |      38 |       0 |   0.0
        D:2 |      64 |      37 |  36.6 |      22 |       1 |   4.3
        D:3 |      33 |     105 |  76.1 |      10 |      14 |  58.3
        D:4 |     407 |     586 |  59.0 |      30 |       1 |   3.2
        D:5 |     525 |      43 |   7.6 |      20 |       3 |  13.0
        D:6 |     248 |     165 |  40.0 |      13 |       2 |  13.3
        D:7 |    1874 |       0 |   0.0 |      12 |       0 |   0.0
        D:8 |    1416 |    1016 |  41.8 |      29 |       4 |  12.1
        D:9 |    4218 |       0 |   0.0 |      40 |       0 |   0.0
       D:10 |    3689 |    1576 |  29.9 |      23 |       3 |  11.5
       D:11 |    4777 |    1110 |  18.9 |      28 |      20 |  41.7
       D:12 |       0 |     214 | 100.0 |       0 |       1 | 100.0
     Lair:1 |    7101 |       0 |   0.0 |      20 |       0 |   0.0
     Lair:2 |    4336 |       0 |   0.0 |      10 |       0 |   0.0
     Lair:3 |    4168 |    7655 |  64.7 |      18 |      15 |  45.5
            +---------+---------+-------+---------+---------+-------

Illustrated notes

Table legend:
 A = Kills in this place as a percentage of kills in entire the game.
 B = Kills by you in this place as a percentage of kills by you in the entire game.
 C = Kills by friends in this place as a percentage of kills by friends in the entire game.
 D = Other kills in this place as a percentage of other kills in the entire game.
 E = Experience gained in this place as a percentage of experience gained in the entire game.
 F = Experience gained in this place divided by the number of levels of this place that you have seen.
                   A       B       C       D       E      F
               +-------+-------+-------+-------+-------+----------------------
         Total | 100.0 | 100.0 |   N/A |   N/A | 100.0 | 2672.2
       Dungeon |  83.3 |  83.3 |   N/A |   N/A |  48.8 | 1847.3
          Lair |  16.7 |  16.7 |   N/A |   N/A |  51.2 | 5815.0
               +-------+-------+-------+-------+-------+----------------------

Table legend: (Time is in decaauts)
 A = Elapsed time spent in this place.
 B = Non-inter-level travel time spent in this place.
 C = Inter-level travel time spent in this place.
 D = Time resting spent in this place.
 E = Time spent auto-exploring this place.
 F = Levels seen in this place.
 G = Mean time per level.
                   A        B        C        D        E       F      G
               +--------+--------+--------+--------+--------+-----+--------+
         Total |  23207 |  22398 |    809 |   7513 |  10338 |  17 | 1365.1 |
       Dungeon |  18220 |  17585 |    635 |   6177 |   8149 |  12 | 1518.3 |
        Temple |     67 |     49 |     18 |      0 |     41 |   1 |   67.0 |
          Lair |   4919 |   4764 |    155 |   1336 |   2148 |   4 | 1229.8 |
               +--------+--------+--------+--------+--------+-----+--------+

Top non-repeatable levels by time:
     D:9: 2536 daAuts
     D:8: 2041 daAuts
     D:7: 1962 daAuts
  Lair:2: 1778 daAuts
    D:11: 1751 daAuts
  Lair:3: 1713 daAuts
     D:5: 1668 daAuts
     D:1: 1615 daAuts
     D:6: 1487 daAuts
     D:4: 1420 daAuts
  Lair:1: 1416 daAuts
    D:10: 1282 daAuts
     D:2: 1142 daAuts
     D:3: 1060 daAuts
    D:12: 250 daAuts
